cohdb
Replays
Latest Replays
All Replays
Popular Replays
Top Player Replays
Match Explorer
How It Works
Community
CoH3 Stats
Reddit
Sign in to upload your games and track your stats! →
Sign in with Steam
Match 29215328
Unlisted
Match 29215328
Overview
Messages
Build Orders
End
Selects Airborne Battlegroup
Selects Heavy Machine Gun Paradrop
Heavy Machine Gun Paradrop
Construct Weapon Support Center
Engineer Squad
Heavy Machine Gun Paradrop
Bazooka Squad
Mortar Pit
Mortar Pit
Air Support Center
Selects Paratrooper Squad Paradrop
Paratrooper Squad Paradrop
Engineer Squad
Construct Tank Depot
Selects Recon Loiter
Recon Loiter
P-47 Dive Bomb
M3 Armored Personnel Carrier
M18 Hellcat Tank Destroyer
Selects Supply Drop
Bazooka Squad
Supply Drop
KiwiKubes
North
animalic
Benzene
STONEgolem
TheCheesyT
Han-shot-first
megal0man1ac
0
0
Comments
sign in to comment!
No comments posted yet!